 Dungeon Crawl Stone Soup version 0.32-a0-799-g95e1662365 (webtiles) character file.

Game seed: 6106656232785531534

154 ezpacito the Chopper (level 5, -13/41 HPs)
             Began as a Coglin Chaos Knight on Mar 22, 2024.
             Was a Plaything of Xom.
             Mangled by an ogre
             ... wielding a +0 giant spiked club
              (35 damage)
             ... on level 3 of the Dungeon.
             The game lasted 00:02:30 (1767 turns).

ezpacito the Chopper (Coglin Chaos Knight)          Turns: 1767, Time: 00:02:30

Health: -13/41     AC: 10    Str: 14    XL:     5   Next: 35%
Magic:  6/6        EV:  6    Int: 12    God:    Xom [...*..]
Gold:   164        SH:  0    Dex: 13    Spells: 6/6 levels left

rFire   . . .        a - +0 hand axe (chaos) {Nioputar}
rCold   . . .        g - +0 war axe {Ferran}
rNeg    . . .        h - +0 chain mail
rPois   .            (no helmet)
rElec   .            (no cloak)
rCorr   .            n - +0 pair of gloves
SInv    .            (no boots)
Will    +....        (amulet unavailable) Stlth
                     (ring unavailable)
HPRegen 0.26/turn    (ring unavailable)
MPRegen 0.10/turn    (no gizmo)

%: no passive effects
@: mighty, cleaving, enlightened, flying, revving
A: off-hand wielding, slow wielding, warmup strikes, no jewellery
a: Invent Gizmo, Renounce Religion


You were on level 3 of the Dungeon.
You worshipped Xom.
You were a favourite toy of Xom.
You visited 1 branch of the dungeon, and saw 3 of its levels.

You collected 164 gold pieces.

Inventory:

Hand Weapons
 a - a +0 hand axe of chaos (weapon) {Nioputar}
 g - a +0 war axe (offhand) {Ferran}
Missiles
 j - 6 curare-tipped darts (quivered)
Armour
 h - a +0 chain mail (worn)
 n - a +0 pair of gloves (worn)
Scrolls
 d - a scroll of identify {unknown}
 e - 3 scrolls of amnesia {unknown}
 f - 2 scrolls of enchant weapon {unknown}
 k - a scroll of brand weapon {unknown}
 l - a scroll of teleportation {unknown}
 o - a scroll of vulnerability {unknown}


   Skills:
 * Level 3.5 Fighting
 * Level 3.8(3.9) Axes
 + Level 1.1(2.4) Polearms
 * Level 2.5 Armour
 * Level 1.9 Dodging
 + Level 1.0 Stealth
 + Level 1.0 Spellcasting


You had 6 spell levels left.
You didn't know any spells.
Your spell library contained the following spells:

 Spells                   Type           Power      Damage    Failure   Level
 Call Canine Familiar     Summ           0%         N/A       100%        3
 Sigil of Binding         Hex            0%         N/A       100%        3
 Tukima's Dance           Hex            0%         N/A       100%        3
 Dimensional Bullseye     Hex/Tloc       0%         N/A       100%        4
 Passage of Golubria      Tloc           0%         N/A       100%        4
 Yara's Violent Unravell  Hex/Alch       0%         3d3       100%        5


Dungeon Overview and Level Annotations

Branches:
Dungeon (3/15)

Altars:

Shops:
D:1 [   D:2 (   D:3 [


Innate Abilities, Weirdness & Mutations

You can wield a second weapon in your off-hand.
It takes a long time for you to wield or remove held weapons.
Your first few attacks do less damage.
You cannot equip rings or amulets.


Message History

The ogre shouts!
Xom smiles on you.
Your +0 hand axe of chaos {Nioputar} looks sharp (like it always does).
You are now a favourite toy of Xom.
The bat hits you but does no damage.
Health restored: 41
There are monsters nearby!
You barely miss the bat with your +0 hand axe of chaos.
You slash the bat with your +0 war axe!
You kill the bat!
The ogre hits you with a +0 giant spiked club!
You take 15 damage, and have 26/41 hp.
MASSIVE DAMAGE!!
You are too injured to fight recklessly!
You are too injured to fight recklessly!
You are too injured to fight recklessly!
You are too injured to fight recklessly!
You are too injured to fight recklessly!
Okay, then.
As you read the scroll of butterflies, it crumbles to dust.
You hear the flapping of tiny wings.
The ogre is knocked back by the sudden gust.
Okay, then.
You swap places.
Something misses your butterfly.
You swap places.
It was a potion of enlightenment.
You feel very buoyant.
You fly up into the air.
Something completely misses your butterfly.
It was a potion of might.
You feel very mighty all of a sudden.
Something completely misses your butterfly.
You swap places.
The ogre hits you with a +0 giant spiked club.
You take 6 damage, and have 22/41 hp.
You barely miss the ogre with your +0 hand axe of chaos.
You hit the ogre with your +0 war axe.
The ogre hits you with a +0 giant spiked club!!
Ouch! That really hurt!
You die...
Xom thinks this is hilarious!

### #.## #..# ##)#b##
#..#.@## #..#O#b## #..#b##b##
########## #..#b
##b####......).<
#..######.b........... ###
#...##[.#..##..<...... (.#
########..#.##.#..#####.#####
†.###........###.#.#..# #..#
).....######## ##..#.<####.##


You could see an ogre (ally target).

Vanquished Creatures
  2 orc priests (D:3)
  3 adders
  4 dart slugs
  3 orcs (D:3)
  4 bats
  4 endoplasms
  5 giant cockroaches
  11 hobgoblins
  2 quokkas
  A ball python (D:3)
  2 frilled lizards
  7 goblins
  6 rats
54 creatures vanquished.

Notes
Turn   | Place    | Note
-------+----------+-------------------------------------------
     0 | D:1      | ezpacito the Coglin Chaos Knight began the quest for the
                  | Orb.
     0 | D:1      | Reached XP level 1. HP: 18/18 MP: 1/1
   126 | D:1      | Reached skill level 1 in Dodging
   218 | D:1      | Found Kineaz's Armour Emporium.
   288 | D:1      | XOM: 1-stop teleportation journey
   309 | D:1      | Reached XP level 2. HP: 24/24 MP: 2/2
   738 | D:2      | Reached XP level 3. HP: 22/29 MP: 3/3
   740 | D:2      | XOM: divination: detect creatures
   816 | D:2      | XOM: draining
   949 | D:2      | Found Liveug's Antique Weapon Boutique.
   975 | D:2      | XOM: noise
  1272 | D:3      | Reached XP level 4. HP: 32/33 MP: 4/4
  1427 | D:3      | Noticed an animated storm dragon scales
  1434 | D:3      | Found Nyveaf's Armour Emporium.
  1436 | D:3      | Noticed an animated gold dragon scales
  1556 | D:3      | XOM: smoke on damage
  1560 | D:3      | Reached skill level 1 in Polearms
  1560 | D:3      | Reached skill level 1 in Stealth
  1560 | D:3      | Reached XP level 5. HP: 34/41 MP: 4/6
  1704 | D:3      | Reached skill level 1 in Spellcasting
  1758 | D:3      | Noticed an ogre
  1758 | D:3      | XOM: cleaving
  1767 | D:3      | Mangled by an ogre

Illustrated notes

Levels and vault maps discovered:
D:1:      mainiacjoe_arrival_reflecting_pool, layout_loops_cross, serial_shops,
          shop
D:2:      layout_rooms, serial_shops, shop_fountains, mrwooster_statue_mirror,
          minmay_door_square
D:3:      layout_rooms, serial_shops, nicolae_shop_mannequins, minmay_cut_off

Skill      XL: |  1  2  3  4  5 |
---------------+----------------+-----
Dodging        | 1 |  1.9
Armour         | 2 |  2.5
Polearms       | 1 |  1.1
Stealth        | 1 |  1.0
Spellcasting   | 1 |  1.0
Fighting       | |  3.5
Axes           | |  3.8

Action                     |  1- 3 |  4- 6 || total
---------------------------+-------+-------++-------
  Melee: Hand axe          |    56 |    41 ||    97
         Dagger            |     8 |       ||     8
         War axe           |    44 |    43 ||    87
    Use: Potion            |       |     3 ||     3
         Scroll            |       |     1 ||     1
 Armour: Leather armour    |    48 |    30 ||    78
         Chain mail        |       |    10 ||    10
  Dodge: Dodged            |    25 |    27 ||    52

Table legend: (Time is in decaauts)
 A = Elapsed time spent in this place.
 B = Non-inter-level travel time spent in this place.
 C = Inter-level travel time spent in this place.
 D = Time resting spent in this place.
 E = Time spent auto-exploring this place.
 F = Levels seen in this place.
 G = Mean time per level.
                   A        B        C        D        E       F      G
               +--------+--------+--------+--------+--------+-----+--------+
         Total |   1790 |   1723 |     67 |      0 |   1333 |   3 |  596.7 |
       Dungeon |   1790 |   1723 |     67 |      0 |   1333 |   3 |  596.7 |
               +--------+--------+--------+--------+--------+-----+--------+

Top non-repeatable levels by time:
     D:1: 699 daAuts
     D:3: 611 daAuts
     D:2: 479 daAuts
